 Dungeon Crawl Stone Soup version 0.25.0-33-gff14898491 (webtiles) character file.

Game seed: 7489892360539925105

617 Ethylacetat the Cutter (level 7, -4/49 HPs)
             Began as an Octopode Assassin on July 7, 2020.
             Slain by an ice beast (5 damage)
             ... on level 6 of the Dungeon.
             The game lasted 00:10:09 (3786 turns).

Ethylacetat the Cutter (Octopode Assassin)          Turns: 3786, Time: 00:10:10

Health: -4/49      AC:  1    Str: 12    XL:     7   Next: 45%
Magic:  7/7        EV: 13    Int: 13    God:
Gold:   147        SH:  0    Dex: 14    Spells: 6/6 levels left

rFire    . . .     SeeInvis .   a - +2 dagger
rCold    . . .     Gourm    .   (no shield)
rNeg     . . .     Faith    .   (helmet restricted)
rPois    .         Spirit   .   (no amulet)
rElec    .         Reflect  .   (no ring)
rCorr    .         Harm     .   (no ring)
MR       .....                  (no ring)
Stlth    ++++......             (no ring)
HPRegen  0.16/turn              (no ring)
MPRegen  0.10/turn              (no ring)
                                (no ring)
                                (no ring)

@: no status effects
A: almost no armour, stealthy swim, amphibious, 8 rings, constrict 8, camouflage
1, gelatinous body 1
a: no special abilities


You were on level 6 of the Dungeon.
You were not hungry.

You visited 1 branch of the dungeon, and saw 5 of its levels.
You also visited: Sewer.

You collected 147 gold pieces.

Inventory:

Hand Weapons
 a - a +2 dagger (weapon)
 k - a +2 dagger of electrocution
Missiles
 b - 14 poisoned darts (quivered)
 c - 2 curare-tipped darts
 s - 3 atropa-tipped darts
Jewellery
 f - an uncursed ring of resist corrosion {unknown}
Wands
 t - a wand of digging (3)
 w - a wand of polymorph (10)
Scrolls
 i - 2 scrolls of enchant weapon {unknown}
 l - 4 scrolls of identify {unknown}
 m - 2 scrolls of remove curse {unknown}
 o - a scroll of random uselessness {unknown}
 p - 2 scrolls of immolation {unknown}
 q - 2 scrolls of teleportation {unknown}
 u - a scroll of noise {unknown}
Potions
 e - a potion of heal wounds {unknown}
 g - 2 potions of curing
 h - a potion of might {unknown}
 j - a potion of magic {unknown}
 n - a potion of stabbing {unknown}
 r - 3 potions of flight {unknown}
Comestibles
 d - 5 rations
 v - 4 chunks of flesh


   Skills:
 + Level 4.8 Fighting
 * Level 6.6 Short Blades
 - Level 2.0 Throwing
 - Level 1.0 Dodging
 - Level 5.3 Stealth


You had 6 spell levels left.
You didn't know any spells.
Your spell library was empty.

Dungeon Overview and Level Annotations

Branches:
Dungeon (4/15)              Sewer (visited)
 Temple: D:4-7

Altars:
Makhleb
Trog


Innate Abilities, Weirdness & Mutations

You cannot wear most types of armour.
You are very stealthy in the water. (Stealth+)
You are amphibious.
You can wear up to eight rings at the same time.
You can use your tentacles to constrict eight enemies at once.
Your skin changes colour to match your surroundings (Stealth+).
Your rubbery body absorbs attacks. (AC +1, EV +1)


Message History

You kill the adder!
You constrict the worker ant. The worker ant bites you.
* * * LOW HITPOINT WARNING * * *
You hit the worker ant but do no damage.
The worker ant is moderately wounded.
You constrict the worker ant. The worker ant closely misses you.
You hit the worker ant but do no damage.
You squeeze the worker ant.
The worker ant is almost dead.
You constrict the worker ant. You hit the worker ant.
You kill the worker ant!
You see here an adder corpse.
Aiming: Dig
Press: ? - help, Shift-Dir - straight line A rock wall.
The rock shatters into small pieces.
The ice beast hits you.
* * * LOW HITPOINT WARNING * * *
The ice beast freezes you.
You die...

#### ##..# #...# ##
#...### ####.## # ##.....#
##.#...#
#####....?######..#...#
...#............@Y....#
...#.........####.K..##
#..#...........####K.#
###..............#.#.# z
#........%....##.^.#..# .
...............$..KK..#
#.......!.$...#.....#.K..#
#........./..#####.###...#
.............# ### ....


You could see an ice beast, a big kobold and a kobold.

Vanquished Creatures
  A phantom (D:4)
  An ogre (D:4)
  A big kobold (Sewer)
  A scorpion (D:4)
  3 hounds
  A centaur skeleton (D:6)
  2 worker ants
  A howler monkey skeleton (D:3)
  6 adders
  4 river rats (Sewer)
  3 oozes
  A worm (D:3)
  A leopard gecko (D:2)
  2 giant cockroaches (D:1)
  6 goblins
  7 hobgoblins
  A jackal (Sewer)
  3 quokkas
  6 bats
  5 frilled lizards
  7 kobolds
  A quokka skeleton (D:4)
  6 rats
70 creatures vanquished.

Notes
Turn   | Place    | Note
-------+----------+-------------------------------------------
     0 | D:1      | Ethylacetat the Octopode Assassin began the quest for the
                  | Orb.
     0 | D:1      | Reached XP level 1. HP: 14/14 MP: 1/1
   104 | D:1      | Reached XP level 2. HP: 19/19 MP: 2/2
   377 | D:1      | Reached skill level 3 in Short Blades
   377 | D:1      | Reached XP level 3. HP: 25/25 MP: 3/3
  1000 | D:2      | Found a bloodstained altar of Trog.
  1107 | D:2      | Reached XP level 4. HP: 30/30 MP: 4/4
  1823 | D:3      | Reached skill level 4 in Short Blades
  2027 | D:3      | Found a glowing drain.
  2032 | Sewer    | Entered a sewer
  2041 | Sewer    | Reached XP level 5. HP: 21/36 MP: 5/5
  2351 | Sewer    | Noticed a big kobold
  2370 | Sewer    | Killed a big kobold
  2370 | Sewer    | Reached skill level 5 in Short Blades
  2471 | Sewer    | Found a white marble altar of Elyvilon.
  2859 | D:4      | Reached XP level 6. HP: 38/43 MP: 6/6
  2932 | D:4      | Noticed a phantom
  3568 | D:4      | Killed a phantom
  3568 | D:4      | Reached skill level 6 in Short Blades
  3568 | D:4      | Reached XP level 7. HP: 26/49 MP: 7/7
  3723 | D:4      | You fall into a shaft and drop 2 floors!
  3725 | D:6      | Found a burning altar of Makhleb.
  3779 | D:6      | HP: 2/49 [worker ant (4)]
  3786 | D:6      | HP: 1/49 [ice beast (2)]
  3786 | D:6      | Slain by an ice beast

Illustrated notes

Levels and vault maps discovered:
D:1:      tarquinn_simple_flora_water_a, layout_loops_ring,
          minmay_worlds_worst_comb
D:2:      layout_basic, first_ration, chequers_serial_rivers_room_b,
          trog_three_pillars_becter
D:3:      layout_basic, portal_sewer_entry_e
D:4:      layout_rooms, serial_glass, glass_columns_c, glass_columns_a,
          ebering_dispersal_statue_hall, minmay_manual_moon
D:6:      layout_cave_pools, old_standard_altar, serial_shops, kennysheep_mini,
          minmay_misc_feat_tiny, makhleb_heckhound_becter

Skill      XL: |  1  2  3  4  5  6 |
---------------+-------------------+-----
Short Blades   | 3 4 5 6 |  6.6
Fighting       | 3 4 |  4.8
Throwing       | |  2.0
Dodging        | |  1.0
Stealth        | |  5.3

Action                   |  1- 3 |  4- 6 |  7- 9 || total
-------------------------+-------+-------+-------++-------
Melee: Dagger            |    50 |   116 |    23 ||   189
       Constrict         |    10 |    17 |     5 ||    32
       Tentacles         |     7 |    25 |     8 ||    40
Evoke: Wand              |       |       |     1 ||     1
  Use: Potion            |       |       |     1 ||     1
 Stab: Sleeping          |    11 |     9 |       ||    20
       Distracted        |       |       |     1 ||     1
  Eat: Chunk             |     1 |     7 |     1 ||     9
Armor: Skin              |     1 |     2 |     2 ||     5
Dodge: Dodged            |    14 |    54 |    12 ||    80
